 Dungeon Crawl Stone Soup version 0.29.1-12-g30fa7ad0bf (webtiles) character file.

Game seed: 921659165086656162

5 fantasyman the Gusty (level 1, -2/14 HPs)
             Began as a Demigod Air Elementalist on Jan 6, 2023.
             Slain by a quokka (4 damage)
             ... on level 1 of the Dungeon.
             The game lasted 00:00:47 (250 turns).

fantasyman the Gusty (Demigod Air Elementalist)      Turns: 250, Time: 00:00:48

Health: -2/14      AC:  2    Str:  9    XL:     1   Next: 53%
Magic:  1/5        EV: 12    Int: 17    God:
Gold:   0          SH:  0    Dex: 14    Spells: 2/3 levels left

rFire   . . .      SeeInvis .   (no weapon)
rCold   . . .      Faith    .   (no shield)
rNeg    . . .      Spirit   .   a - +0 robe
rPois   .          Reflect  .   (no helmet)
rElec   .          Harm     .   (no cloak)
rCorr   .          Rampage  .   (no gloves)
Will    .....                   (no boots)
Stlth   +.........              (no amulet)
HPRegen 0.04/turn               (no ring)
MPRegen 0.09/turn               (no ring)

@: very slow
A: high MP 1, forlorn, divine attributes
a: no special abilities


You were on level 1 of the Dungeon.
You visited 1 branch of the dungeon, and saw 1 of its levels.

Inventory:

Armour
 a - a +0 robe (worn)
Potions
 b - a potion of magic
 c - a potion of curing {unknown}


   Skills:
 + Level 1.7 Dodging
 + Level 1.7 Stealth
 + Level 1.8 Spellcasting
 + Level 0.8 Conjurations
 + Level 3.0 Air Magic


You had 2 spell levels left.
You knew the following spells:

 Your Spells              Type           Power      Damage    Failure   Level
a - Shock                 Conj/Air       32%        1d5       9%          1

Your spell library contained the following spells:

 Spells                   Type           Power      Damage    Failure   Level
 Static Discharge         Conj/Air       8%         3-4/arc   13%         2
 Magic Dart               Conj           16%        1d3       14%         1
 Call Imp                 Summ           1%         N/A       30%         2
 Swiftness                Air            11%        N/A       17%         3
 Mephitic Cloud           Conj/Pois/Air  5%         N/A       34%         3
 Airstrike                Air            5%         2d(1-17)  50%         4


Dungeon Overview and Level Annotations

Branches:
Dungeon (1/15)

Shops:
D:1 :


Innate Abilities, Weirdness & Mutations

You have an increased reservoir of magic. (+10% MP)
You shall have no god before yourself.
Your divine heritage dramatically boosts your attributes as you level up.


Message History

You closely miss the rat.
The rat is heavily wounded.
The rat barely misses you.
Your magical contamination has completely faded away.
You hit the rat.
You kill the rat!
No target in view!
A quokka comes into view.
A quokka is nearby!
A quokka is nearby!
The zap hits the quokka.
The quokka is moderately wounded.
The zap misses the quokka.
You miscast Shock.
You are very lightly contaminated with residual magic.
Nothing appears to happen.
The quokka closely misses you.
You are out of magic!
You are out of magic!
You closely miss the quokka.
The quokka is moderately wounded.
The quokka bites you.
You hit the quokka but do no damage.
The quokka is moderately wounded.
The quokka closely misses you.
You hit the quokka but do no damage.
The quokka is moderately wounded.
The quokka barely misses you. The quokka bites you.
You are too injured to fight recklessly!
You are too injured to fight recklessly!
You are too injured to fight recklessly!
The quokka attacks as you move away! The quokka closely misses you.
The quokka attacks as you move away! The quokka bites you.
The quokka attacks as you move away! The quokka bites you.
* * * LOW HITPOINT WARNING * * *
Your magical contamination has completely faded away.
You enter the shallow water.
Moving in this stuff is going to be slow.
Your unstable footing causes you to fumble your attack.
The quokka bites you.
You die...

### ##### ~~♣♣♣♣~♣~####
P♣~~~♣♣~♣♣♣~♣#
~~~~♣~~~~♣~~~♣#
~~~≈≈≈~~~~~~~~♣♣#####
≈≈≈≈≈≈≈~~~~♣~P~P@r..#
≈≈≈≈≈≈≈≈≈~~~~♣~~♣♣#.##
≈≈≈≈≈≈≈≈≈≈≈~~~P~P~~..#
≈≈≈≈≈≈≈≈≈≈≈~~~~~P♣♣#.#
≈≈≈≈≈≈≈≈≈≈≈~~~P~P~~ .†.
≈~≈≈≈≈≈≈≈≈♣P~♣~~~P####.#
~≈≈≈≈≈≈≈P~P~~~~♣~## .#
~~≈~ P~♣~~P~### # ~~ ~~
~♣♣~~~#


You could see a quokka.

Vanquished Creatures
  A quokka (D:1)
  2 ball pythons (D:1)
  3 rats (D:1)
6 creatures vanquished.

Notes
Turn   | Place    | Note
-------+----------+-------------------------------------------
     0 | D:1      | fantasyman the Demigod Air Elementalist began the quest for
                  | the Orb.
     0 | D:1      | Reached XP level 1. HP: 14/14 MP: 5/5
   111 | D:1      | Found Woyruq's Book Shoppe.
   207 | D:1      | Reached skill level 3 in Air Magic
   250 | D:1      | Slain by a quokka

Illustrated notes

Levels and vault maps discovered:
D:1:      roderic_dead_forest, layout_rooms,
          hellmonk_ecumenical_altar_inner_sanctum, serial_shops, shop,
          nicolae_shop_behind_doors, shop_scrolls, shop, shop,
          serial_bayou_lake_a

Skill      XL: |  1 |
---------------+----+-----
Air Magic      | 3 |  3.0
Dodging        | |  1.7
Stealth        | |  1.7
Spellcasting   | |  1.8
Conjurations   | |  0.8

Action                   || total
-------------------------++-------
Melee: Unarmed           ||     8
 Cast: Shock             ||    15
Dodge: Dodged            ||     8
